[ AOE2 MATCH · #466326371 ]
UnrankedTurks vs Persians
[ REPLAY ANALYSIS · EXTRACTED FROM THE RECORDED GAME ]
Feudal
—
Castle
—
Imperial
—
| APM avg | 36.6 |
| APM peak | 93 |
| eAPM avg | 28.4 |
| Villagers / military | 153 / 1086 |
Focus
⚔️ 45.9% · 🌾 54.1%
Camel Scout ×910 · Bombard Cannon ×115 · Trade Cart ×105 · Scorpion ×60 · Monk ×1
Feudal
—
Castle
—
Imperial
—
| APM avg | 77.7 |
| APM peak | 268 |
| eAPM avg | 75.8 |
| Villagers / military | 255 / 687 |
Focus
⚔️ 48.2% · 🌾 51.8%
Knight ×239 · Centurion ×222 · Militia ×124 · Trade Cart ×98 · Mangonel ×57 · Scorpion ×45
Feudal
—
Castle
—
Imperial
—
| APM avg | 19.6 |
| APM peak | 53 |
| eAPM avg | 18.1 |
| Villagers / military | 565 / 767 |
Focus
⚔️ 43.8% · 🌾 56.2%
War Elephant ×277 · Archer ×215 · Camel Scout ×193 · Trade Cart ×99 · Knight ×50 · Mangonel ×30
Feudal
—
Castle
—
Imperial
—
| APM avg | 37.6 |
| APM peak | 98 |
| eAPM avg | 35.1 |
| Villagers / military | 184 / 457 |
Focus
⚔️ 45.0% · 🌾 55.0%
Ballista Elephant ×237 · Trade Cart ×89 · Mangonel ×86 · Battle Elephant ×86 · Scout Cavalry ×25 · Knight ×12
Feudal
—
Castle
—
Imperial
—
| APM avg | 9.3 |
| APM peak | 41 |
| eAPM avg | 7.9 |
| Villagers / military | 93 / 232 |
Focus
⚔️ 42.0% · 🌾 58.0%
Archer ×120 · War Elephant ×89 · Trade Cart ×19 · Bombard Cannon ×17 · Mangonel ×6
Feudal
—
Castle
—
Imperial
—
| APM avg | 26.7 |
| APM peak | 103 |
| eAPM avg | 24.4 |
| Villagers / military | 208 / 1258 |
Focus
⚔️ 48.8% · 🌾 51.2%
Knight ×550 · Throwing Axeman ×250 · Scorpion ×158 · Trade Cart ×100 · Spearman ×90 · Hand Cannoneer ×81
Match map
Initial resources + every placement click. Lines = walls · curves = elevation contours. ◆ gold · ⬟ stone · ● berries · ✦ relic · ◌ wall gap
Your base· ✓ Map-separated
TR.!'s base· ✓ Map-separated
IsaacNewton's base· ✓ Map-separated
okayamafilho's base· ✓ Map-separated
Totalconquistador19's base· ✓ Map-separated
Chacksergius's base· ✓ Map-separated
Smoothed initial terrain · ◌ = detected wall gap · hover for details
Inputs per minute
— Dohon - - TR.!
Build order — Dohon
First 150 of 894 actions detected
| 0:03 | Create | Villager (Male) |
| 0:03 | Create | Villager (Male) |
| 0:04 | Create | Villager (Male) |
| 0:04 | Create | Villager (Male) |
| 0:04 | Create | Villager (Male) |
| 0:04 | Create | Villager (Male) |
| 0:07 | Build | Town Center |
| 0:08 | Build | Town Center |
| 0:08 | Build | Town Center |
| 0:08 | Build | Town Center |
| 0:09 | Build | Town Center |
| 0:09 | Build | Town Center |
| 0:10 | Build | Town Center |
| 0:11 | Build | Town Center |
| 0:11 | Build | Town Center |
| 0:12 | Build | Town Center |
| 0:12 | Build | Town Center |
| 0:12 | Build | Town Center |
| 0:13 | Build | Town Center |
| 0:13 | Build | Town Center |
| 0:13 | Build | Town Center |
| 0:14 | Build | Town Center |
| 0:14 | Build | Town Center |
| 0:26 | Build | Market |
| 0:26 | Build | Market |
| 0:27 | Build | Market |
| 0:27 | Build | Market |
| 0:28 | Build | Market |
| 0:28 | Build | Market |
| 0:28 | Build | Market |
| 0:29 | Build | Market |
| 0:29 | Build | Market |
| 0:29 | Build | Market |
| 0:32 | Build | Market |
| 0:40 | Build | House |
| 0:40 | Build | House |
| 0:41 | Build | House |
| 0:41 | Build | House |
| 0:42 | Build | House |
| 0:42 | Build | House |
| 0:43 | Build | House |
| 0:44 | Build | House |
| 0:44 | Build | House |
| 0:44 | Build | House |
| 0:45 | Build | House |
| 0:45 | Build | House |
| 0:46 | Build | House |
| 0:47 | Build | House |
| 0:47 | Build | House |
| 0:47 | Build | House |
| 0:48 | Build | House |
| 0:48 | Build | House |
| 0:52 | Build | House |
| 0:53 | Build | House |
| 0:53 | Build | House |
| 0:53 | Build | House |
| 0:54 | Build | House |
| 0:54 | Build | House |
| 0:54 | Build | House |
| 0:55 | Build | House |
| 0:55 | Build | House |
| 0:59 | Create | Villager (Male) |
| 1:00 | Create | Villager (Male) |
| 1:00 | Create | Villager (Male) |
| 1:08 | Build | Monastery |
| 1:18 | Create | Villager (Male) |
| 1:18 | Create | Villager (Male) |
| 1:19 | Create | Villager (Male) |
| 1:19 | Create | Villager (Male) |
| 1:19 | Create | Villager (Male) |
| 1:19 | Create | Villager (Male) |
| 1:20 | Create | Villager (Male) |
| 1:20 | Create | Villager (Male) |
| 1:20 | Create | Villager (Male) |
| 1:41 | Create | Monk |
| 1:55 | Build | Mining Camp |
| 2:01 | Create | Villager (Male) |
| 2:02 | Create | Villager (Male) |
| 2:02 | Create | Villager (Male) |
| 2:02 | Create | Villager (Male) |
| 2:02 | Create | Villager (Male) |
| 2:03 | Create | Villager (Male) |
| 2:03 | Create | Villager (Male) |
| 2:03 | Create | Villager (Male) |
| 2:03 | Create | Villager (Male) |
| 2:03 | Create | Villager (Male) |
| 2:04 | Create | Villager (Male) |
| 2:04 | Create | Villager (Male) |
| 2:15 | Build | Mining Camp |
| 2:25 | Build | Mining Camp |
| 2:30 | Create | Villager (Male) |
| 2:31 | Create | Villager (Male) |
| 2:31 | Create | Villager (Male) |
| 2:31 | Create | Villager (Male) |
| 2:31 | Create | Villager (Male) |
| 2:32 | Create | Villager (Male) |
| 2:40 | Create | Villager (Male) |
| 2:40 | Create | Villager (Male) |
| 2:40 | Create | Villager (Male) |
| 2:40 | Create | Villager (Male) |
| 2:41 | Create | Villager (Male) |
| 2:41 | Create | Villager (Male) |
| 2:41 | Create | Villager (Male) |
| 2:41 | Create | Villager (Male) |
| 2:42 | Create | Villager (Male) |
| 3:01 | Build | Mining Camp |
| 3:19 | Create | Villager (Male) |
| 3:19 | Create | Villager (Male) |
| 3:20 | Create | Villager (Male) |
| 3:20 | Create | Villager (Male) |
| 3:20 | Create | Villager (Male) |
| 3:20 | Create | Villager (Male) |
| 3:21 | Create | Villager (Male) |
| 3:21 | Create | Villager (Male) |
| 3:21 | Create | Villager (Male) |
| 3:21 | Create | Villager (Male) |
| 3:21 | Create | Villager (Male) |
| 3:35 | Build | Mining Camp |
| 3:43 | Create | Villager (Male) |
| 3:43 | Create | Villager (Male) |
| 3:43 | Create | Villager (Male) |
| 3:44 | Create | Villager (Male) |
| 3:44 | Create | Villager (Male) |
| 3:44 | Create | Villager (Male) |
| 3:47 | Build | Town Center |
| 3:50 | Build | Town Center |
| 4:00 | Build | Town Center |
| 4:22 | Create | Trade Cart ×5 |
| 4:22 | Create | Trade Cart ×5 |
| 4:22 | Create | Trade Cart ×5 |
| 4:23 | Create | Trade Cart ×5 |
| 4:23 | Create | Trade Cart ×5 |
| 4:23 | Create | Trade Cart ×5 |
| 4:23 | Create | Trade Cart ×5 |
| 4:23 | Create | Trade Cart ×5 |
| 4:24 | Create | Trade Cart ×5 |
| 4:24 | Create | Trade Cart ×5 |
| 4:24 | Create | Trade Cart ×5 |
| 4:24 | Create | Trade Cart ×5 |
| 4:25 | Create | Trade Cart ×5 |
| 4:25 | Create | Trade Cart ×5 |
| 4:25 | Create | Trade Cart ×5 |
| 4:25 | Create | Trade Cart ×5 |
| 4:41 | Create | Villager (Male) |
| 4:41 | Create | Villager (Male) |
| 4:42 | Create | Villager (Male) |
| 4:42 | Create | Villager (Male) |
| 4:42 | Create | Villager (Male) |
| 4:44 | Create | Villager (Male) |
| 4:44 | Create | Villager (Male) |
Build order — TR.!
First 150 of 1561 actions detected
| 0:10 | Create | Villager (Male) |
| 0:10 | Create | Villager (Male) |
| 0:10 | Create | Villager (Male) |
| 0:11 | Create | Villager (Male) |
| 0:11 | Create | Villager (Male) |
| 0:11 | Create | Villager (Male) |
| 0:11 | Create | Villager (Male) |
| 0:12 | Create | Villager (Male) |
| 0:12 | Create | Villager (Male) |
| 0:12 | Create | Villager (Male) |
| 0:12 | Create | Villager (Male) |
| 0:12 | Create | Villager (Male) |
| 0:21 | Build | Market |
| 0:22 | Build | Market |
| 0:24 | Build | Market |
| 0:37 | Build | Market |
| 0:40 | Build | Market |
| 0:41 | Build | Market |
| 0:45 | Build | Market |
| 0:47 | Build | Market |
| 0:49 | Build | Market |
| 0:50 | Build | Market |
| 0:54 | Build | Lumber Camp |
| 1:08 | Build | Town Center |
| 1:08 | Build | Town Center |
| 1:08 | Build | Town Center |
| 1:08 | Build | Town Center |
| 1:08 | Build | Town Center |
| 1:09 | Build | Town Center |
| 1:09 | Build | Town Center |
| 1:10 | Build | Town Center |
| 1:10 | Build | Town Center |
| 1:10 | Build | Town Center |
| 1:11 | Build | Town Center |
| 1:11 | Build | Town Center |
| 1:11 | Build | Town Center |
| 1:12 | Build | Town Center |
| 1:12 | Build | Town Center |
| 1:14 | Build | Town Center |
| 1:14 | Build | Town Center |
| 1:14 | Build | Town Center |
| 1:15 | Build | Town Center |
| 1:15 | Build | Town Center |
| 1:15 | Build | Town Center |
| 1:15 | Build | Town Center |
| 1:16 | Build | Town Center |
| 1:16 | Build | Town Center |
| 1:19 | Build | Town Center |
| 1:19 | Build | Town Center |
| 1:20 | Build | Town Center |
| 1:20 | Build | Town Center |
| 1:20 | Build | Town Center |
| 1:21 | Build | Town Center |
| 1:21 | Build | Town Center |
| 1:21 | Build | Town Center |
| 1:22 | Build | Town Center |
| 1:22 | Build | Town Center |
| 1:22 | Build | Town Center |
| 1:22 | Build | Town Center |
| 1:23 | Build | Town Center |
| 1:23 | Build | Town Center |
| 1:23 | Build | Town Center |
| 1:24 | Build | Town Center |
| 1:24 | Build | Town Center |
| 1:25 | Build | Town Center |
| 1:25 | Build | Town Center |
| 1:25 | Build | Town Center |
| 1:25 | Build | Town Center |
| 1:26 | Build | Town Center |
| 1:26 | Build | Town Center |
| 1:28 | Build | Town Center |
| 1:28 | Build | Town Center |
| 1:28 | Build | Town Center |
| 1:29 | Build | Town Center |
| 1:39 | Create | Villager (Male) |
| 1:40 | Create | Villager (Male) |
| 1:40 | Create | Villager (Male) |
| 1:40 | Create | Villager (Male) |
| 1:40 | Create | Villager (Male) |
| 1:40 | Create | Villager (Male) |
| 1:41 | Create | Villager (Male) |
| 1:41 | Create | Villager (Male) |
| 1:51 | Build | House |
| 1:54 | Build | House |
| 1:56 | Build | House |
| 1:57 | Build | House |
| 1:59 | Build | House |
| 2:01 | Build | House |
| 2:03 | Build | House |
| 2:04 | Build | House |
| 2:06 | Build | House |
| 2:08 | Build | House |
| 2:10 | Build | House |
| 2:10 | Build | House |
| 2:10 | Build | House |
| 2:10 | Build | House |
| 2:10 | Build | House |
| 2:11 | Build | House |
| 2:12 | Build | House |
| 2:12 | Build | House |
| 2:12 | Build | House |
| 2:14 | Build | House |
| 2:14 | Build | House |
| 2:14 | Build | House |
| 2:15 | Build | House |
| 2:15 | Build | House |
| 2:16 | Build | House |
| 2:16 | Build | House |
| 2:16 | Build | House |
| 2:17 | Build | House |
| 2:17 | Build | House |
| 2:17 | Build | House |
| 2:18 | Build | House |
| 2:18 | Build | House |
| 2:19 | Build | House |
| 2:19 | Build | House |
| 2:21 | Build | House |
| 2:22 | Build | House |
| 2:22 | Build | House |
| 2:23 | Build | House |
| 2:23 | Build | House |
| 2:23 | Build | House |
| 2:24 | Build | House |
| 2:24 | Build | House |
| 2:24 | Build | House |
| 2:25 | Build | House |
| 2:25 | Build | House |
| 2:25 | Build | House |
| 2:26 | Build | House |
| 2:26 | Build | House |
| 2:26 | Build | House |
| 2:26 | Build | House |
| 2:26 | Build | House |
| 2:27 | Build | House |
| 2:27 | Build | House |
| 2:28 | Build | House |
| 2:28 | Build | House |
| 2:28 | Build | House |
| 2:28 | Build | House |
| 2:38 | Build | House |
| 2:38 | Build | House |
| 2:39 | Build | House |
| 2:41 | Build | House |
| 2:50 | Build | Stone Wall |
| 3:12 | Create | Villager (Male) |
| 3:12 | Create | Villager (Male) |
| 3:12 | Create | Villager (Male) |
| 3:13 | Create | Villager (Male) |
| 3:13 | Create | Villager (Male) |
| 3:13 | Create | Villager (Male) |
Build order — IsaacNewton
First 150 of 651 actions detected
| 0:16 | Build | Town Center |
| 0:19 | Build | Town Center |
| 0:25 | Build | Town Center |
| 0:29 | Build | Lumber Camp |
| 0:44 | Build | Town Center |
| 0:46 | Build | Town Center |
| 1:05 | Build | Market |
| 1:09 | Build | Market |
| 1:11 | Build | Market |
| 1:13 | Build | Market |
| 1:15 | Build | Market |
| 1:24 | Build | Palisade Wall |
| 1:27 | Create | Villager (Male) ×5 |
| 1:27 | Create | Villager (Male) ×5 |
| 1:28 | Create | Villager (Male) ×5 |
| 1:28 | Create | Villager (Male) ×5 |
| 1:28 | Create | Villager (Male) ×5 |
| 1:42 | Build | Mining Camp |
| 1:45 | Build | Mining Camp |
| 1:47 | Build | Mining Camp |
| 1:48 | Build | Mining Camp |
| 1:51 | Build | Mining Camp |
| 1:56 | Build | Mining Camp |
| 2:22 | Build | House |
| 2:25 | Build | House |
| 2:26 | Build | House |
| 2:27 | Build | House |
| 2:29 | Build | House |
| 2:31 | Build | House |
| 2:32 | Build | House |
| 2:34 | Build | House |
| 2:35 | Build | House |
| 2:39 | Build | House |
| 2:40 | Build | House |
| 2:41 | Build | House |
| 2:43 | Build | House |
| 2:44 | Build | House |
| 2:49 | Build | House |
| 2:53 | Build | House |
| 2:54 | Build | House |
| 2:55 | Build | House |
| 2:56 | Build | House |
| 3:03 | Build | House |
| 3:04 | Build | House |
| 3:06 | Build | House |
| 3:07 | Build | House |
| 3:08 | Build | House |
| 3:09 | Build | House |
| 3:10 | Build | House |
| 3:11 | Build | House |
| 3:12 | Build | House |
| 3:16 | Build | House |
| 3:17 | Build | House |
| 3:19 | Build | House |
| 3:20 | Build | House |
| 3:21 | Build | House |
| 3:22 | Build | House |
| 3:23 | Build | House |
| 3:24 | Build | House |
| 3:27 | Build | House |
| 3:28 | Build | House |
| 3:30 | Build | House |
| 3:31 | Build | House |
| 3:33 | Build | House |
| 3:34 | Build | House |
| 3:39 | Create | Villager (Male) ×5 |
| 3:39 | Create | Villager (Male) ×5 |
| 3:39 | Create | Villager (Male) ×5 |
| 3:40 | Create | Villager (Male) ×5 |
| 3:46 | Create | Villager (Male) ×5 |
| 3:46 | Create | Villager (Male) ×5 |
| 3:47 | Create | Villager (Male) ×5 |
| 3:47 | Create | Villager (Male) ×5 |
| 3:53 | Create | Villager (Male) ×5 |
| 3:53 | Create | Villager (Male) ×5 |
| 3:53 | Create | Villager (Male) ×5 |
| 3:54 | Create | Villager (Male) ×5 |
| 3:54 | Create | Villager (Male) ×5 |
| 3:59 | Create | Villager (Male) ×5 |
| 3:59 | Create | Villager (Male) ×5 |
| 4:00 | Create | Villager (Male) ×5 |
| 4:00 | Create | Villager (Male) ×5 |
| 4:09 | Build | Lumber Camp |
| 4:19 | Build | Farm |
| 4:36 | Create | Trade Cart ×5 |
| 4:36 | Create | Trade Cart ×5 |
| 4:36 | Create | Trade Cart ×5 |
| 4:37 | Create | Trade Cart ×5 |
| 4:37 | Create | Trade Cart ×5 |
| 4:37 | Create | Trade Cart ×5 |
| 4:37 | Create | Trade Cart ×5 |
| 4:38 | Create | Trade Cart ×5 |
| 4:38 | Create | Trade Cart ×5 |
| 4:38 | Create | Trade Cart ×5 |
| 4:39 | Create | Trade Cart |
| 4:43 | Create | Villager (Male) ×5 |
| 4:43 | Create | Villager (Male) ×5 |
| 4:44 | Create | Villager (Male) ×5 |
| 4:44 | Create | Villager (Male) ×5 |
| 4:49 | Create | Villager (Male) ×5 |
| 4:49 | Create | Villager (Male) ×5 |
| 4:50 | Create | Villager (Male) ×5 |
| 4:50 | Create | Villager (Male) ×5 |
| 5:04 | Create | Villager (Male) ×3 |
| 5:04 | Create | Villager (Male) ×3 |
| 5:04 | Create | Villager (Male) ×3 |
| 5:29 | Build | Stone Wall |
| 5:41 | Build | Stone Wall |
| 5:54 | Build | Stone Wall |
| 6:03 | Build | Stone Wall |
| 6:08 | Build | Gate |
| 6:11 | Build | Gate |
| 6:14 | Build | Gate |
| 6:16 | Build | Gate |
| 6:18 | Build | Gate |
| 6:21 | Build | Gate |
| 6:24 | Build | Gate |
| 6:27 | Build | Gate |
| 6:30 | Create | Villager (Male) ×5 |
| 6:30 | Create | Villager (Male) ×5 |
| 6:31 | Create | Villager (Male) ×5 |
| 6:31 | Create | Villager (Male) |
| 6:32 | Create | Villager (Male) ×4 |
| 6:32 | Create | Villager (Male) ×4 |
| 6:34 | Create | Villager (Male) ×5 |
| 6:34 | Create | Villager (Male) ×5 |
| 6:34 | Create | Villager (Male) ×5 |
| 6:35 | Create | Villager (Male) |
| 6:35 | Create | Villager (Male) |
| 6:36 | Create | Villager (Male) ×5 |
| 6:36 | Create | Villager (Male) ×5 |
| 6:36 | Create | Villager (Male) ×5 |
| 6:36 | Create | Villager (Male) |
| 6:36 | Create | Villager (Male) |
| 6:38 | Create | Villager (Male) ×5 |
| 6:38 | Create | Villager (Male) ×5 |
| 6:38 | Create | Villager (Male) ×5 |
| 6:40 | Create | Villager (Male) ×5 |
| 6:40 | Create | Villager (Male) ×5 |
| 6:40 | Create | Villager (Male) ×5 |
| 6:54 | Build | Castle |
| 6:56 | Build | Castle |
| 6:57 | Build | Castle |
| 7:01 | Build | Castle |
| 7:02 | Build | Castle |
| 7:04 | Build | Castle |
| 7:06 | Build | Castle |
| 7:08 | Build | Castle |
| 7:21 | Create | Trade Cart ×5 |
| 7:21 | Create | Trade Cart ×5 |
Build order — okayamafilho
First 150 of 999 actions detected
| 0:31 | Create | Villager (Male) |
| 0:31 | Create | Villager (Male) |
| 0:32 | Create | Villager (Male) |
| 0:32 | Create | Villager (Male) |
| 0:32 | Create | Villager (Male) |
| 0:32 | Create | Villager (Male) |
| 0:33 | Create | Villager (Male) |
| 0:33 | Create | Villager (Male) |
| 0:33 | Create | Villager (Male) |
| 0:33 | Create | Villager (Male) |
| 0:39 | Build | Town Center |
| 0:41 | Build | Town Center |
| 0:43 | Build | Town Center |
| 0:50 | Build | Town Center |
| 0:53 | Build | Town Center |
| 0:57 | Build | Town Center |
| 0:59 | Build | Town Center |
| 1:01 | Build | Town Center |
| 1:03 | Build | Town Center |
| 1:07 | Build | Town Center |
| 1:09 | Build | Town Center |
| 1:23 | Build | House |
| 1:25 | Build | House |
| 1:27 | Build | House |
| 1:28 | Build | House |
| 1:30 | Build | House |
| 1:31 | Build | House |
| 1:31 | Build | House |
| 1:32 | Build | House |
| 1:32 | Build | House |
| 1:32 | Build | House |
| 1:34 | Build | House |
| 1:34 | Build | House |
| 1:34 | Build | House |
| 1:37 | Build | House |
| 1:37 | Build | House |
| 1:38 | Build | House |
| 1:41 | Build | House |
| 1:41 | Build | House |
| 1:42 | Build | House |
| 1:42 | Build | House |
| 1:43 | Build | House |
| 1:43 | Build | House |
| 1:44 | Build | House |
| 1:45 | Build | House |
| 1:48 | Build | House |
| 1:58 | Create | Villager (Male) |
| 1:58 | Create | Villager (Male) |
| 1:58 | Create | Villager (Male) |
| 1:59 | Create | Villager (Male) |
| 2:11 | Create | Villager (Male) |
| 2:12 | Create | Villager (Male) |
| 2:12 | Create | Villager (Male) |
| 2:12 | Create | Villager (Male) |
| 2:12 | Create | Villager (Male) |
| 2:13 | Create | Villager (Male) |
| 2:13 | Create | Villager (Male) |
| 2:22 | Build | Town Center |
| 2:23 | Build | Town Center |
| 2:24 | Build | Town Center |
| 2:25 | Build | Town Center |
| 2:26 | Build | Town Center |
| 2:26 | Build | Town Center |
| 2:30 | Build | Town Center |
| 2:58 | Build | Market |
| 3:02 | Build | Market |
| 3:04 | Build | Market |
| 3:07 | Build | Market |
| 3:11 | Create | Villager (Male) |
| 3:12 | Create | Villager (Male) |
| 3:12 | Create | Villager (Male) |
| 3:12 | Create | Villager (Male) |
| 3:12 | Create | Villager (Male) |
| 3:14 | Create | Villager (Male) |
| 3:14 | Create | Villager (Male) |
| 3:14 | Create | Villager (Male) |
| 3:14 | Create | Villager (Male) |
| 3:15 | Create | Villager (Male) |
| 3:15 | Create | Villager (Male) |
| 3:15 | Create | Villager (Male) |
| 3:15 | Create | Villager (Male) |
| 3:16 | Create | Villager (Male) |
| 3:16 | Create | Villager (Male) |
| 3:16 | Create | Villager (Male) |
| 3:33 | Build | Farm |
| 3:37 | Build | Farm |
| 3:44 | Build | Farm |
| 3:46 | Create | Villager (Male) |
| 3:48 | Create | Villager (Male) |
| 3:49 | Create | Villager (Male) |
| 3:49 | Create | Villager (Male) |
| 3:49 | Create | Villager (Male) |
| 3:49 | Create | Villager (Male) |
| 4:15 | Create | Villager (Male) |
| 4:17 | Create | Villager (Male) |
| 4:17 | Create | Villager (Male) |
| 4:17 | Create | Villager (Male) |
| 4:18 | Create | Villager (Male) |
| 4:19 | Create | Villager (Male) |
| 4:19 | Create | Villager (Male) |
| 4:20 | Create | Villager (Male) |
| 4:20 | Create | Villager (Male) |
| 4:20 | Create | Villager (Male) |
| 4:21 | Create | Villager (Male) |
| 4:24 | Build | Farm |
| 4:26 | Build | Farm |
| 4:33 | Create | Villager (Male) |
| 4:33 | Create | Villager (Male) |
| 4:34 | Create | Villager (Male) |
| 4:34 | Create | Villager (Male) |
| 4:34 | Create | Villager (Male) |
| 4:36 | Create | Villager (Male) |
| 4:36 | Create | Villager (Male) |
| 4:36 | Create | Villager (Male) |
| 4:37 | Create | Villager (Male) |
| 4:39 | Create | Villager (Male) |
| 4:40 | Create | Villager (Male) |
| 4:40 | Create | Villager (Male) |
| 4:46 | Create | Villager (Male) |
| 4:46 | Create | Villager (Male) |
| 4:46 | Create | Villager (Male) |
| 4:46 | Create | Villager (Male) |
| 4:47 | Create | Villager (Male) |
| 4:48 | Create | Villager (Male) |
| 4:48 | Create | Villager (Male) |
| 4:48 | Create | Villager (Male) |
| 5:05 | Create | Villager (Male) |
| 5:05 | Create | Villager (Male) |
| 5:05 | Create | Villager (Male) |
| 5:08 | Create | Villager (Male) |
| 5:09 | Create | Villager (Male) |
| 5:09 | Create | Villager (Male) |
| 5:09 | Create | Villager (Male) |
| 5:09 | Create | Villager (Male) |
| 5:23 | Build | House |
| 5:23 | Build | House |
| 5:23 | Build | House |
| 5:24 | Build | House |
| 5:24 | Build | House |
| 5:24 | Build | House |
| 5:24 | Build | House |
| 5:25 | Build | House |
| 5:25 | Build | House |
| 5:26 | Build | House |
| 5:29 | Build | House |
| 5:29 | Build | House |
| 5:30 | Build | House |
| 5:30 | Build | House |
| 5:30 | Build | House |
| 5:30 | Build | House |
Build order — Totalconquistador19
First 150 of 229 actions detected
| 0:10 | Build | House |
| 0:12 | Build | House |
| 1:23 | Build | Mill |
| 1:27 | Create | Villager (Male) |
| 1:28 | Create | Villager (Male) |
| 1:28 | Create | Villager (Male) |
| 1:28 | Create | Villager (Male) |
| 1:29 | Create | Villager (Male) |
| 1:29 | Create | Villager (Male) |
| 1:29 | Create | Villager (Male) |
| 1:30 | Create | Villager (Male) |
| 1:30 | Create | Villager (Male) ×5 |
| 1:31 | Create | Villager (Male) ×5 |
| 1:31 | Create | Villager (Male) ×2 |
| 2:09 | Build | Lumber Camp |
| 3:37 | Build | Archery Range |
| 4:13 | Create | Villager (Male) ×5 |
| 4:14 | Create | Villager (Male) ×5 |
| 4:14 | Create | Villager (Male) ×5 |
| 4:15 | Create | Villager (Male) ×5 |
| 4:41 | Build | Castle |
| 4:44 | Build | Castle |
| 4:49 | Build | Castle |
| 4:56 | Build | Castle |
| 5:28 | Build | Market |
| 5:46 | Build | Market |
| 5:49 | Build | Market |
| 5:52 | Build | Market |
| 6:49 | Build | Siege Workshop |
| 6:57 | Create | Villager (Male) |
| 6:58 | Create | Villager (Male) |
| 6:58 | Create | Villager (Male) |
| 6:59 | Create | Villager (Male) |
| 6:59 | Create | Villager (Male) |
| 6:59 | Create | Villager (Male) |
| 7:00 | Create | Villager (Male) |
| 7:00 | Create | Villager (Male) |
| 7:13 | Build | Archery Range |
| 7:17 | Build | Archery Range |
| 7:21 | Build | Archery Range |
| 7:23 | Build | Archery Range |
| 7:27 | Build | Archery Range |
| 7:31 | Build | Archery Range |
| 7:35 | Build | Archery Range |
| 7:37 | Build | Archery Range |
| 7:41 | Build | Archery Range |
| 7:57 | Create | Mangonel |
| 7:57 | Create | Mangonel |
| 7:58 | Create | Mangonel |
| 7:58 | Create | Mangonel |
| 7:58 | Create | Mangonel |
| 7:59 | Create | Mangonel |
| 8:48 | Build | Stone Wall |
| 9:24 | Build | Town Center |
| 9:50 | Build | Town Center |
| 10:55 | Build | Caravanserai |
| 11:11 | Build | Caravanserai |
| 11:18 | Build | Caravanserai |
| 12:06 | Create | Villager (Male) |
| 12:06 | Create | Villager (Male) ×5 |
| 12:06 | Create | Villager (Male) ×5 |
| 12:07 | Create | Villager (Male) ×4 |
| 12:22 | Build | House |
| 12:22 | Build | House |
| 12:23 | Build | House |
| 12:23 | Build | House |
| 12:23 | Build | House |
| 12:23 | Build | House |
| 12:24 | Build | House |
| 12:24 | Build | House |
| 12:25 | Build | House |
| 12:25 | Build | House |
| 12:25 | Build | House |
| 12:30 | Build | House |
| 12:32 | Build | House |
| 12:34 | Build | House |
| 12:37 | Build | House |
| 12:40 | Build | House |
| 13:23 | Create | Archer ×5 |
| 13:24 | Create | Archer ×5 |
| 13:24 | Create | Archer ×5 |
| 13:24 | Create | Archer ×5 |
| 13:25 | Create | Archer ×5 |
| 13:25 | Create | Archer ×5 |
| 13:25 | Create | Archer ×5 |
| 13:26 | Create | Archer ×5 |
| 13:26 | Create | Archer ×5 |
| 13:26 | Create | Archer ×5 |
| 13:27 | Create | Archer ×5 |
| 13:27 | Create | Archer ×5 |
| 13:28 | Create | Archer ×5 |
| 13:28 | Create | Archer ×5 |
| 13:28 | Create | Archer ×5 |
| 13:29 | Create | Archer ×5 |
| 13:29 | Create | Archer ×5 |
| 13:29 | Create | Archer ×5 |
| 13:30 | Create | Archer ×5 |
| 13:30 | Create | Archer ×5 |
| 13:30 | Create | Archer ×5 |
| 13:31 | Create | Archer ×5 |
| 13:31 | Create | Archer ×5 |
| 13:31 | Create | Archer ×5 |
| 13:46 | Create | War Elephant ×5 |
| 13:47 | Create | War Elephant ×5 |
| 13:47 | Create | War Elephant ×5 |
| 13:47 | Create | War Elephant ×5 |
| 13:48 | Create | War Elephant ×5 |
| 13:48 | Create | War Elephant ×5 |
| 13:49 | Create | War Elephant ×5 |
| 13:49 | Create | War Elephant ×5 |
| 13:50 | Create | War Elephant ×5 |
| 13:50 | Create | War Elephant ×5 |
| 13:51 | Create | War Elephant ×5 |
| 13:51 | Create | War Elephant ×5 |
| 13:51 | Create | War Elephant ×5 |
| 13:52 | Create | War Elephant ×5 |
| 14:25 | Build | Castle |
| 14:30 | Build | Castle |
| 14:33 | Build | Castle |
| 14:41 | Build | Castle |
| 15:04 | Build | Mining Camp |
| 15:41 | Build | Mining Camp |
| 16:18 | Build | House |
| 16:20 | Build | House |
| 16:22 | Build | House |
| 16:23 | Build | House |
| 16:25 | Build | House |
| 16:26 | Build | House |
| 16:28 | Build | House |
| 16:31 | Build | House |
| 16:33 | Build | House |
| 16:36 | Build | House |
| 17:52 | Build | Castle |
| 17:55 | Build | Castle |
| 17:57 | Build | Castle |
| 18:08 | Create | Bombard Cannon |
| 18:08 | Create | Bombard Cannon |
| 18:08 | Create | Bombard Cannon |
| 18:09 | Create | Bombard Cannon |
| 18:09 | Create | Bombard Cannon |
| 18:09 | Create | Bombard Cannon |
| 18:10 | Create | Bombard Cannon |
| 18:10 | Create | Bombard Cannon |
| 18:11 | Create | Bombard Cannon |
| 18:11 | Create | Bombard Cannon |
| 18:11 | Create | Bombard Cannon |
| 18:12 | Create | Bombard Cannon |
| 18:12 | Create | Bombard Cannon |
| 18:12 | Create | Bombard Cannon |
| 18:13 | Create | Bombard Cannon |
Build order — Chacksergius
First 150 of 752 actions detected
| 0:13 | Build | Town Center |
| 0:16 | Build | Town Center |
| 0:19 | Build | Town Center |
| 0:30 | Build | Town Center |
| 0:43 | Build | Town Center |
| 0:52 | Build | House |
| 0:52 | Build | House |
| 0:53 | Build | House |
| 0:53 | Build | House |
| 0:53 | Build | House |
| 0:54 | Build | House |
| 0:57 | Build | House |
| 0:57 | Build | House |
| 0:57 | Build | House |
| 0:58 | Build | House |
| 0:58 | Build | House |
| 0:59 | Build | House |
| 1:01 | Build | House |
| 1:01 | Build | House |
| 1:01 | Build | House |
| 1:02 | Build | House |
| 1:02 | Build | House |
| 1:03 | Build | House |
| 1:04 | Build | House |
| 1:06 | Build | House |
| 1:07 | Build | House |
| 1:08 | Build | House |
| 1:09 | Build | House |
| 1:10 | Build | House |
| 1:11 | Build | House |
| 1:11 | Build | House |
| 1:11 | Build | House |
| 1:14 | Build | House |
| 1:15 | Build | House |
| 1:17 | Build | House |
| 1:24 | Create | Villager (Male) ×5 |
| 1:24 | Create | Villager (Male) ×5 |
| 1:25 | Create | Villager (Male) ×5 |
| 1:25 | Create | Villager (Male) ×5 |
| 1:37 | Build | Market |
| 1:40 | Build | Market |
| 1:42 | Build | Market |
| 1:45 | Build | Market |
| 1:47 | Build | Market |
| 1:51 | Build | Market |
| 2:03 | Create | Villager (Male) ×5 |
| 2:03 | Create | Villager (Male) ×5 |
| 2:04 | Create | Villager (Male) ×5 |
| 2:04 | Create | Villager (Male) ×5 |
| 2:04 | Create | Villager (Male) ×5 |
| 2:07 | Create | Villager (Male) ×5 |
| 2:07 | Create | Villager (Male) ×5 |
| 2:07 | Create | Villager (Male) ×5 |
| 2:08 | Create | Villager (Male) ×5 |
| 2:21 | Build | Outpost |
| 2:23 | Build | Outpost |
| 2:25 | Build | Outpost |
| 2:27 | Build | Outpost |
| 2:30 | Build | Outpost |
| 2:32 | Build | Outpost |
| 2:35 | Build | Outpost |
| 2:42 | Build | Outpost |
| 2:45 | Build | Outpost |
| 2:52 | Create | Villager (Male) ×5 |
| 2:52 | Create | Villager (Male) ×5 |
| 2:52 | Create | Villager (Male) ×5 |
| 2:56 | Create | Villager (Male) ×5 |
| 2:56 | Create | Villager (Male) ×5 |
| 2:57 | Create | Villager (Male) ×5 |
| 2:58 | Create | Villager (Male) ×5 |
| 3:26 | Build | Stone Wall |
| 3:37 | Build | Stone Wall |
| 3:42 | Build | Gate |
| 3:47 | Build | Gate |
| 3:51 | Build | Gate |
| 4:06 | Build | Castle |
| 4:08 | Build | Castle |
| 4:10 | Build | Castle |
| 4:14 | Build | Castle |
| 4:18 | Build | Castle |
| 4:35 | Create | Villager (Male) ×5 |
| 4:35 | Create | Villager (Male) ×5 |
| 4:35 | Create | Villager (Male) ×5 |
| 4:37 | Create | Villager (Male) ×5 |
| 4:37 | Create | Villager (Male) ×5 |
| 4:37 | Create | Villager (Male) ×5 |
| 4:43 | Create | Villager (Male) ×4 |
| 4:43 | Create | Villager (Male) ×4 |
| 4:45 | Create | Villager (Male) ×5 |
| 4:46 | Create | Villager (Male) ×5 |
| 4:46 | Create | Villager (Male) ×5 |
| 4:46 | Create | Villager (Male) ×5 |
| 4:58 | Build | Monastery |
| 5:19 | Build | Stone Wall |
| 5:26 | Build | Stone Wall |
| 5:32 | Build | Stone Wall |
| 5:38 | Build | Stone Wall |
| 5:40 | Build | Stone Wall |
| 6:00 | Build | Stone Wall |
| 6:16 | Build | Town Center |
| 6:35 | Build | Castle |
| 6:39 | Build | Castle |
| 7:00 | Create | Villager (Male) ×5 |
| 7:01 | Create | Villager (Male) ×5 |
| 7:01 | Create | Villager (Male) ×5 |
| 7:01 | Create | Villager (Male) ×5 |
| 7:02 | Create | Villager (Male) |
| 7:07 | Create | Villager (Male) |
| 7:07 | Create | Villager (Male) |
| 7:07 | Create | Villager (Male) |
| 7:07 | Create | Villager (Male) |
| 7:19 | Create | Monk |
| 7:40 | Build | Siege Workshop |
| 7:42 | Build | Siege Workshop |
| 7:43 | Build | Siege Workshop |
| 7:46 | Build | Siege Workshop |
| 7:49 | Build | Siege Workshop |
| 7:52 | Build | Siege Workshop |
| 8:04 | Build | Farm |
| 8:05 | Build | Farm |
| 8:05 | Build | Farm |
| 8:05 | Build | Farm |
| 8:06 | Build | Farm |
| 8:06 | Build | Farm |
| 8:06 | Build | Farm |
| 8:07 | Build | Farm |
| 8:07 | Build | Farm |
| 8:07 | Build | Farm |
| 8:08 | Build | Farm |
| 8:08 | Build | Farm |
| 8:08 | Build | Farm |
| 8:09 | Build | Farm |
| 8:09 | Build | Farm |
| 8:10 | Build | Farm |
| 8:10 | Build | Farm |
| 8:11 | Build | Farm |
| 8:11 | Build | Farm |
| 8:11 | Build | Farm |
| 8:12 | Build | Farm |
| 8:12 | Build | Farm |
| 8:13 | Build | Farm |
| 8:13 | Build | Farm |
| 8:13 | Build | Farm |
| 8:14 | Build | Farm |
| 8:14 | Build | Farm |
| 8:15 | Build | Farm |
| 8:15 | Build | Farm |
| 8:16 | Build | Farm |
| 8:16 | Build | Farm |
| 8:16 | Build | Farm |
Match timeline
| 1:08 | Dohon · first_building Monastery |
| 1:24 | IsaacNewton · wall_segment Palisade Wall x1 |
| 2:50 | TR.! · wall_segment Stone Wall x18 |
| 3:26 | Chacksergius · wall_segment Stone Wall x41 |
| 3:37 | Chacksergius · wall_segment Stone Wall x53 |
| 3:37 | Totalconquistador19 · first_building Archery Range |
| 4:06 | Chacksergius · first_building Castle |
| 4:09 | TR.! · first_building Castle |
| 4:41 | Totalconquistador19 · first_building Castle |
| 4:58 | Chacksergius · first_building Monastery |
| 5:19 | Chacksergius · wall_segment Stone Wall x19 |
| 5:26 | Chacksergius · wall_segment Stone Wall x24 |
| 5:29 | IsaacNewton · wall_segment Stone Wall x25 |
| 5:32 | Chacksergius · wall_segment Stone Wall x23 |
| 5:38 | Chacksergius · wall_segment Stone Wall x8 |
| 5:40 | Chacksergius · wall_segment Stone Wall x7 |
| 5:41 | IsaacNewton · wall_segment Stone Wall x35 |
| 5:54 | IsaacNewton · wall_segment Stone Wall x23 |
| 6:00 | Chacksergius · wall_segment Stone Wall x11 |
| 6:03 | IsaacNewton · wall_segment Stone Wall x3 |
| 6:37 | Dohon · first_building Castle |
| 6:49 | Totalconquistador19 · first_building Siege Workshop |
| 6:52 | okayamafilho · wall_segment Stone Wall x81 |
| 6:54 | IsaacNewton · first_building Castle |
| 7:06 | okayamafilho · first_building Castle |
| 7:40 | Chacksergius · first_building Siege Workshop |
| 7:57 | TR.! · wall_segment Stone Wall x25 |
| 8:03 | TR.! · wall_segment Stone Wall x25 |
| 8:48 | Totalconquistador19 · wall_segment Stone Wall x67 |
| 9:27 | Chacksergius · first_building Stable |
| 9:29 | TR.! · wall_segment Stone Wall x13 |
| 9:51 | okayamafilho · first_building Siege Workshop |
| 9:54 | TR.! · wall_segment Stone Wall x1 |
| 9:57 | TR.! · wall_segment Stone Wall x16 |
| 10:00 | TR.! · wall_segment Stone Wall x7 |
| 10:25 | TR.! · wall_segment Stone Wall x26 |
| 10:48 | TR.! · wall_segment Stone Wall x38 |
| 11:28 | Chacksergius · first_building Barracks |
| 12:23 | okayamafilho · wall_segment Stone Wall x19 |
| 12:23 | Chacksergius · first_building Archery Range |
| 12:37 | IsaacNewton · first_building Stable |
| 12:43 | TR.! · first_building Stable |
| 12:48 | Dohon · wall_segment Stone Wall x32 |
| 12:57 | Dohon · wall_segment Stone Wall x21 |
| 13:03 | Dohon · wall_segment Stone Wall x14 |
| 13:09 | okayamafilho · wall_segment Stone Wall x19 |
| 13:22 | IsaacNewton · first_building Siege Workshop |
| 13:26 | Dohon · wall_segment Stone Wall x30 |
| 13:29 | okayamafilho · wall_segment Stone Wall x30 |
| 13:35 | Dohon · wall_segment Stone Wall x26 |
| 13:45 | Dohon · wall_segment Stone Wall x28 |
| 14:33 | Dohon · wall_segment Stone Wall x21 |
| 14:39 | Dohon · wall_segment Stone Wall x9 |
| 14:51 | Dohon · wall_segment Stone Wall x7 |
| 15:00 | Dohon · wall_segment Stone Wall x14 |
| 15:06 | Dohon · wall_segment Stone Wall x18 |
| 15:22 | okayamafilho · wall_segment Stone Wall x9 |
| 15:30 | IsaacNewton · first_building Archery Range |
| 15:36 | okayamafilho · wall_segment Stone Wall x23 |
| 16:13 | Dohon · wall_segment Stone Wall x37 |
| 16:16 | IsaacNewton · first_building Monastery |
| 16:22 | Dohon · wall_segment Stone Wall x37 |
| 16:43 | TR.! · first_building Barracks |
| 16:50 | Dohon · wall_segment Stone Wall x40 |
| 16:53 | okayamafilho · first_building Stable |
| 17:40 | Dohon · wall_segment Stone Wall x50 |
| 17:57 | TR.! · first_building Siege Workshop |
| 18:31 | Dohon · first_building Siege Workshop |
| 19:17 | Dohon · first_building Stable |
| 19:20 | Totalconquistador19 · first_building Stable |
| 19:27 | TR.! · wall_segment Stone Wall x16 |
| 19:33 | TR.! · first_market_buy 100 stone |
| 20:00 | Dohon · wall_segment Stone Wall x16 |
| 20:07 | okayamafilho · first_market_buy 100 stone |
| 20:19 | Chacksergius · wall_segment Stone Wall x50 |
| 20:39 | Totalconquistador19 · wall_segment Stone Wall x1 |
| 20:59 | TR.! · wall_segment Stone Wall x9 |
| 22:18 | TR.! · wall_segment Stone Wall x26 |
| 23:00 | IsaacNewton · first_building Barracks |
| 23:02 | Chacksergius · wall_segment Stone Wall x12 |
| 23:04 | Chacksergius · wall_segment Stone Wall x4 |
| 23:34 | TR.! · wall_segment Stone Wall x1 |
| 23:35 | TR.! · wall_segment Stone Wall x1 |
| 23:36 | TR.! · wall_segment Stone Wall x1 |
| 23:41 | TR.! · wall_segment Stone Wall x29 |
| 23:57 | Dohon · first_market_buy 500 stone |
| 24:00 | TR.! · wall_segment Stone Wall x43 |
| 25:31 | TR.! · wall_segment Stone Wall x3 |
| 25:56 | Chacksergius · wall_segment Stone Wall x38 |
| 26:20 | Dohon · wall_segment Stone Wall x28 |
| 26:47 | okayamafilho · wall_segment Stone Wall x21 |
| 29:11 | TR.! · wall_segment Stone Wall x19 |
| 29:12 | TR.! · wall_segment Stone Wall x1 |
| 30:38 | Dohon · wall_segment Stone Wall x27 |
| 32:47 | TR.! · wall_segment Stone Wall x6 |
| 33:01 | TR.! · wall_segment Stone Wall x19 |
| 33:16 | Totalconquistador19 · resign |
[ AI ANALYSIS · 1 CREDIT ]
What really happened in this match?
Wolo.gg analyzes every decision: build order, eco, micro, common mistakes by bracket. Personalized analysis on WhatsApp or Discord in 30 seconds.
Civ guide
Turks
Perfil
Jugador #5437401